AoeStats
← Sheeps

Migration

509256948Analyzed
1v1 RM · 7d ago on Sep 26, 2026· 37m 19s· 2 players
Game mode
Random Map
Map size
132×132
Population
200
Speed
Normal
Resources
Standard
Victory
Conquest
Starting age
Dark Age
Ending age
Imperial Age
RankedLock teamsTeams togetherTeam positionsShared explorationLock speedFull tech treeHidden civsTurbo modeCheats
Victory
Defeat
🇨🇦 Varangians · Canada
1014
+15
🇺🇸 Saxons · United States
990
-15
Dinoguy
3:58 Loom
11:48 Feudal Age
12:45 Double-Bit Axe
15:53 Scale Mail Armor
16:14 Man-at-Arms
18:20 Gold Mining
18:42 Forging
18:19 Horse Collar
24:00 Castle Age
22:02 Stone Mining
24:13 Long Swordsman
25:11 Chain Mail Armor
26:54 Fletching
30:59 Iron Casting
33:43 Wheelbarrow
32:54 Town Watch
33:34 Squires
33:38 Arson
33:56 Bodkin Arrow
35:54 Bow Saw
36:41 Murder Holes
Sheeps
9:00 Loom
11:34 Feudal Age
12:02 Double-Bit Axe
13:23 Town Watch
15:00 Fishing Lines
18:03 Castle Age
18:34 Forging
18:16 Fletching
18:27 Scale Mail Armor
19:00 Medium Warships
18:41 Gillnets
21:00 Bow Saw
22:01 Wheelbarrow
24:43 Hand Cart
25:44 Bodkin Arrow
29:11 Chain Mail Armor
29:04 Scale Barding Armor
29:35 Iron Casting
30:05 Horse Collar
33:19 Imperial Age
34:19 Chain Barding Armor
34:54 Conscription
36:27 Bracer
37:06 Plate Barding Armor
36:38 Elite Longship
Connection lost

Rejoining the realm…

Still unreachable

The connection could not be restored.

Session expired

The server has moved on; the page needs a fresh start.